 Dungeon Sprint DCSS version 0.21-a0-414-gba8bdf1 (webtiles) character file.

243 Kidiri the Shield-Bearer (level 6, -1/42 HPs)
             Began as a Gargoyle Fighter on Nov 2, 2017.
             Was an Initiate of Okawaru.
             Slain by a crocodile (10 damage)
             ... in the Dungeon (Sprint IX: "|||||||||||||||||||||||||||||").
             The game lasted 00:02:48 (320 turns).

Kidiri the Shield-Bearer (Gargoyle Fighter)          Turns: 320, Time: 00:02:49

Health: -1/42      AC: 15    Str: 23    XL:     6   Next: 9%
Magic:  6/6        EV:  9    Int:  9    God:    Okawaru [......]
Gold:   0          SH: 11    Dex: 13    Spells: 5/5 levels left

rFire    . . .     SeeInvis .   a - +0 flail
rCold    . . .     Gourm    .   c - +0 shield
rNeg     + . .     Faith    .   z - +1 scale mail
rPois    ∞         Spirit   .   (no helmet)
rElec    +         Reflect  .   y - +0 cloak
rCorr    .         Harm     .   x - +0 pair of gloves
MR       .....     NoTele   +   (no boots)
Stlth    +.........             (no amulet)
HPRegen  0.14/turn              A - +3 ring of strength
MPRegen  0.10/turn              B - +3 ring of dexterity

@: no status effects
A: negative energy resistance 1, electricity resistance, unbreathing,
petrification resistance, rot immunity, AC +4
a: Renounce Religion


You were in the Dungeon.
You worshipped Okawaru.
Okawaru was noncommittal.
You were not hungry.

You visited 1 branch

Inventory:

Hand Weapons
 a - a +0 flail (weapon)
Armour
 c - a +0 shield (worn)
 x - a +0 pair of gloves (worn)
 y - a +0 cloak (worn)
 z - a +1 scale mail (worn)
Jewellery
 A - a +3 ring of strength (left hand)
 B - a +3 ring of dexterity (right hand)
Wands
 p - a wand of iceblast (7/15)
Scrolls
 k - 2 scrolls of blinking
 n - 3 scrolls of remove curse
 o - 2 scrolls of amnesia
Potions
 d - a potion of might
 e - a potion of invisibility
 g - 2 potions of heal wounds
 h - a potion of haste
 i - 4 potions of magic
 j - a potion of berserk rage
 m - 4 potions of curing
Comestibles
 f - a bread ration


   Skills:
 * Level 6.5 Fighting
 * Level 5.4 Maces & Flails
 + Level 3.0 Throwing
 * Level 6.4 Armour
 + Level 2.8 Dodging
 + Level 4.0 Stealth
 * Level 6.6 Shields


You had 5 spell levels left.
You didn't know any spells.

Dungeon Overview and Level Annotations

Branches:
Dungeon (1/1)

Altars:
Cheibriados
Dithmenos
Elyvilon
Fedhas
Gozag
Hepliaklqana
Kikubaaqudgha
Makhleb
Nemelex Xobeh
Okawaru
Qazlal
Ru
Sif Muna
Trog
Uskayaw
Vehumet
Wu Jian
Xom
Yredelemnul
Zin
The Shining One
Beogh
Jiyva
Lugonu


Innate Abilities, Weirdness & Mutations

You are resistant to torment.
Your stone body is resilient. (AC +4)
You are immune to poison.
You resist negative energy. (rN+)
You are resistant to electric shocks. (rElec)
You can survive without breathing.
You are immune to petrification.
You are immune to rotting.


Message History

Increase (S)trength, (I)ntelligence, or (D)exterity?
You feel agile.
Unknown command.
You hit the crocodile.
The crocodile is lightly wounded.
The crocodile bites you but does no damage.
The crocodile completely misses you.
Unknown command.
You hit the crocodile but do no damage.
The crocodile is lightly wounded.
You block the crocodile's attack.
You hit the crocodile.
The crocodile is lightly wounded.
The crocodile bites you!
* * * LOW HITPOINT WARNING * * *
Unknown command.
You closely miss the crocodile.
The crocodile is lightly wounded.
The crocodile bites you!
You die...

▓.▓
▓.▓
▓.▓
▓.▓
▓.▓
▓.▓
▓.▓
▓.▓
▓@▓
▓t▓
▓O▓
▓Z▓
▓F▓
▓c▓
▓.▓
▓.▓


You could see a two-headed ogre, a crocodile, a bullfrog, a centaur and a
leopard gecko skeleton.

Vanquished Creatures
  An ogre (D)
  A scorpion (D)
  A wight (D)
  A crimson imp (D)
  A worker ant (D)
  An orc (D)
  A hobgoblin (D)
  A frilled lizard (D)
  3 kobolds (D)
11 creatures vanquished.

Notes
Turn   | Place    | Note
-------+----------+-------------------------------------------
     0 | D        | Kidiri the Gargoyle Fighter began the quest for the Orb.
     0 | D        | Reached XP level 1. HP: 14/14 MP: 1/1
    45 | D        | Noticed a crimson imp
    45 | D        | Noticed a worker ant
    45 | D        | Noticed an ogre
    45 | D        | Noticed a scorpion
    50 | D        | Reached XP level 2. HP: 20/20 MP: 2/2
    54 | D        | Reached skill level 1 in Throwing
    54 | D        | Reached skill level 1 in Dodging
    54 | D        | Reached skill level 1 in Stealth
    54 | D        | Reached XP level 3. HP: 22/24 MP: 3/3
    64 | D        | Killed an ogre
    64 | D        | Reached skill level 5 in Fighting
    64 | D        | Reached skill level 5 in Armour
    64 | D        | Reached skill level 5 in Shields
    64 | D        | Reached XP level 4. HP: 17/31 MP: 4/4
    70 | D        | Reached XP level 5. HP: 21/36 MP: 5/5
   101 | D        | Reached skill level 5 in Maces & Flails
   131 | D        | Found a roughly hewn altar of Beogh.
   131 | D        | Found a snail-covered altar of Cheibriados.
   131 | D        | Found a shadowy altar of Dithmenos.
   131 | D        | Found a white marble altar of Elyvilon.
   131 | D        | Found a blossoming altar of Fedhas.
   131 | D        | Found an opulent altar of Gozag.
   132 | D        | Found a hazy altar of Hepliaklqana.
   133 | D        | Found a viscous altar of Jiyva.
   134 | D        | Found an ancient bone altar of Kikubaaqudgha.
   135 | D        | Found a corrupted altar of Lugonu.
   136 | D        | Found a burning altar of Makhleb.
   137 | D        | Found a sparkling altar of Nemelex Xobeh.
   138 | D        | Found an iron altar of Okawaru.
   139 | D        | Found a stormy altar of Qazlal.
   140 | D        | Found a sacrificial altar of Ru.
   141 | D        | Found a deep blue altar of Sif Muna.
   142 | D        | Found a bloodstained altar of Trog.
   143 | D        | Found a hide-covered altar of Uskayaw.
   144 | D        | Found a radiant altar of Vehumet.
   145 | D        | Found an ornate altar of the Wu Jian Council.
   146 | D        | Became a worshipper of Warmaster Okawaru
   147 | D        | Found a shimmering altar of Xom.
   148 | D        | Found a basalt altar of Yredelemnul.
   149 | D        | Found a glowing silver altar of Zin.
   150 | D        | Found a glowing golden altar of the Shining One.
   309 | D        | Noticed a crocodile
   309 | D        | Noticed a two-headed ogre
   309 | D        | Noticed a centaur
   316 | D        | Reached XP level 6. HP: 21/42 MP: 6/6
   320 | D        | Slain by a crocodile

Vault maps used:
D:        linesprint

Skill      XL: |  1  2  3  4  5 |
---------------+----------------+-----
Fighting       | 4 5 6 |  6.5
Maces & Flails | 3 4 5 |  5.4
Throwing       | 1 2 3 |  3.0
Armour         | 4 5 6 |  6.4
Dodging        | 1 2 |  2.8
Stealth        | 1 3 4 |  4.0
Shields        | 4 5 6 |  6.6

Action                   |  1- 3 |  4- 6 || total
-------------------------+-------+-------++-------
Melee: Flail             |    29 |    40 ||    69
  Use: Potion            |     2 |       ||     2
Armor: Scale mail        |     3 |    17 ||    20
Dodge: Dodged            |     7 |     7 ||    14
Block: Shield            |    13 |    12 ||    25

Table legend:
 A = Spawn XP
 B = Non-spawn XP
 C = Spawn XP percentage of total XP
 D = Spawn monster count
 E = Non-spawn monster count
 F = Spawn count percentage of total count
 G = Total turns spent on level
                    A         B        C        D         E        F      G
               +---------+---------+-------+---------+---------+-------+---------
         Total |       0 |     348 |   0.0 |       0 |      11 |   0.0 |   320
               +---------+---------+-------+---------+---------+-------+---------
             D |       0 |     348 |   0.0 |       0 |      11 |   0.0 |   320
               +---------+---------+-------+---------+---------+-------+---------
